 Dungeon Crawl Stone Soup version 0.27.1-2-g3b301248ec (webtiles) character file.

Game seed: 8747340543837544732

255 Descartes the Ruffian (level 5, -3/46 HPs)
             Began as a Troll Transmuter on Oct 5, 2021.
             Slain by Pikel (8 damage)
             ... on level 4 of the Dungeon.
             The game lasted 00:04:31 (1834 turns).

Descartes the Ruffian (Troll Transmuter)            Turns: 1834, Time: 00:04:32

Health: -3/46      AC:  5    Str: 18    XL:     5   Next: 91%
Magic:  5/5        EV: 10    Int: 10    God:
Gold:   127        SH:  0    Dex: 10    Spells: 5/6 levels left

rFire    + . .     SeeInvis .     - Unarmed
rCold    . . .     Faith    .   (no shield)
rNeg     . . .     Spirit   .   a - +0 robe
rPois    .         Reflect  .   (helmet restricted)
rElec    .         Harm     .   b - +0 cloak
rCorr    .         Rampage  .   (gloves unavailable)
Will     .....                  (boots unavailable)
Stlth    +.........             (no amulet)
HPRegen  1.15/turn              i - ring of protection from fire
MPRegen  0.09/turn              (no ring)

@: no status effects
A: large, unfitting armour, claws 3, regeneration 1, shaggy fur 1, tough skin 1
a: no special abilities


You were on level 4 of the Dungeon.
You visited 1 branch of the dungeon, and saw 4 of its levels.

You collected 127 gold pieces.

Inventory:

Missiles
 d - 101 stones
 k - 8 poisoned darts
 m - 4 boomerangs
Armour
 a - a +0 robe (worn)
 b - a +0 cloak (worn)
Jewellery
 i - a ring of protection from fire (left claw)
Scrolls
 c - a scroll of identify {unknown}
 e - a scroll of holy word {unknown}
 g - a scroll of enchant armour {unknown}
 l - a scroll of brand weapon {unknown}
Potions
 f - 3 potions of haste {unknown}
 h - 2 potions of brilliance {unknown}
 j - a potion of flight {unknown}


   Skills:
 - Level 0.7 Fighting
 + Level 3.2 Dodging
 + Level 4.5 Unarmed Combat
 - Level 1.2 Spellcasting
 + Level 2.9 Transmutations


You had 5 spell levels left.
You knew the following spells:

 Your Spells              Type           Power      Damage    Failure   Level
a - Beastly Appendage     Tmut           12%        N/A       11%         1

Your spell library contained the following spells:

 Spells                   Type           Power      Damage    Failure   Level
 Wereblood                Tmut           6%         N/A       16%         2
 Sting                    Tmut/Pois      12%        1d3       19%         1
 Shock                    Conj/Air       0%         1d3       34%         1
 Ensorcelled Hibernation  Hex/Ice        0%         N/A       45%         2
 Poisonous Vapours        Pois/Air       0%         N/A       45%         2
 Spider Form              Tmut/Pois      1%         N/A       50%         3
 Ice Form                 Ice/Tmut       3%         N/A       88%         4
 Olgreb's Toxic Radiance  Pois           0%         N/A       98%         4
 Shadow Creatures         Summ           N/A        N/A       100%        6


Dungeon Overview and Level Annotations

Branches:
Dungeon (4/15)
 Temple: D:4-7

Altars:
Fedhas
Nemelex Xobeh

Shops:
D:3 [

Annotations:
D:4 Pikel, Purgy


Innate Abilities, Weirdness & Mutations

You are too large for most types of armour.
You have claws for hands.
Your natural rate of healing is unusually fast.
You are covered in fur. (AC +1)
You have tough skin. (AC +1)


Message History

Pikel hits you with a +0 whip of freezing!
Pikel freezes you.
You scratch Pikel.
Pikel is almost dead.
Pikel hits you with a +0 whip of freezing!
* * * LOW HITPOINT WARNING * * *
Pikel freezes you.
* * * LOW HITPOINT WARNING * * *
You scratch Pikel.
Pikel is almost dead.
Pikel hits you with a +0 whip of freezing.
* * * LOW HITPOINT WARNING * * *
Pikel freezes you.
* * * LOW HITPOINT WARNING * * *
Purgy looks around nervously.
There is a stone staircase leading up here.
You scratch Pikel but do no damage.
Pikel is almost dead.
Pikel hits you with a +0 whip of freezing!
Pikel freezes you.
* * * LOW HITPOINT WARNING * * *
You scratch Pikel but do no damage.
Pikel is almost dead.
You scratch Pikel.
Pikel is almost dead.
Pikel closely misses you.
You barely miss Pikel.
Pikel is almost dead.
Pikel hits you with a +0 whip of freezing.
* * * LOW HITPOINT WARNING * * *
Pikel freezes you.
* * * LOW HITPOINT WARNING * * *
You closely miss Pikel.
Pikel is almost dead.
Pikel hits you with a +0 whip of freezing.
* * * LOW HITPOINT WARNING * * *
Pikel freezes you.
* * * LOW HITPOINT WARNING * * *
Pikel hits you with a +0 whip of freezing!
You die...

### #@#
#K# #T#
#.# #.#
#.# #.##
#..#
##########
##.#


You could see Pikel and Purgy.

Vanquished Creatures
  A phantom (D:4)
  An orc priest (D:3)
  2 orc wizards
  2 adders
  5 worms
  11 orcs
  2 endoplasms (D:3)
  A giant cockroach (D:1)
  3 hobgoblins
  3 kobolds
  3 quokkas
  5 ball pythons
  4 bats
  3 frilled lizards (D:3)
  7 goblins
  A rat (D:2)
54 creatures vanquished.

Vanquished Creatures (others)
  An orc wizard (D:3)
1 creature vanquished.

Grand Total: 55 creatures vanquished

Notes
Turn   | Place    | Note
-------+----------+-------------------------------------------
     0 | D:1      | Descartes the Troll Transmuter began the quest for the Orb.
     0 | D:1      | Reached XP level 1. HP: 18/18 MP: 1/1
    15 | D:1      | Found a faded altar of an unknown god.
    24 | D:1      | Got Plato's Reference Book on Air
   218 | D:1      | You fall into a shaft and drop 1 floor!
   269 | D:2      | Reached XP level 2. HP: 24/26 MP: 2/2
   403 | D:2      | Reached XP level 3. HP: 31/32 MP: 3/3
   621 | D:2      | Found a sparkling altar of Nemelex Xobeh.
  1116 | D:3      | Reached XP level 4. HP: 32/40 MP: 4/4
  1311 | D:3      | Found Byet Ill's Armour Boutique.
  1567 | D:3      | Reached skill level 4 in Unarmed Combat
  1575 | D:3      | Reached XP level 5. HP: 37/46 MP: 5/5
  1687 | D:4      | Noticed a phantom
  1702 | D:4      | Found a blossoming altar of Fedhas.
  1709 | D:4      | Killed a phantom
  1781 | D:4      | Noticed Purgy
  1784 | D:4      | Noticed Pikel
  1791 | D:4      | Noticed a lemure
  1834 | D:4      | Slain by Pikel

Illustrated notes

Levels and vault maps discovered:
D:1:      eino_arrival_tree_alley, layout_basic,
          shapermc_ecumenical_altar_rom_forum, minmay_tall_x
D:2:      layout_rooms, basic_altar, serial_aquarium, aquarium_bridge_square
          [aquarium_subvault_window, aquarium_subvault_bridge,
          aquarium_subvault_bridge, aquarium_subvault_bridge],
          aquarium_bridge_square [aquarium_subvault_window,
          aquarium_subvault_window, aquarium_subvault_bridge,
          aquarium_subvault_wall], aquarium_window_2, aquarium_window_fake,
          aquarium_view_2f, aquarium_balcony_1b, aquarium_pool_2,
          dk_noncrumbling_4
D:3:      minmay_wonky_spiral, layout_loops_ring, serial_shops,
          nicolae_shop_crystal, minmay_tree_intersection
D:4:      layout_basic, nicolae_overflow_hidden_temple, serial_corexii_hall,
          corexii_hall_statues_i, chequers_hall_statues_corner_a, uniq_pikel,
          uniq_purgy, uniq_eustachio

Skill      XL: |  1  2  3  4  5 |
---------------+----------------+-----
Dodging        | 2 3 |  3.2
Transmutations | 2 |  2.9
Unarmed Combat | 4 |  4.5
Fighting       | |  0.7
Spellcasting   | |  1.2

Action                   |  1- 3 |  4- 6 || total
-------------------------+-------+-------++-------
Melee: Unarmed           |    88 |   110 ||   198
       Punch             |     1 |     1 ||     2
       Kick              |     2 |       ||     2
       Headbutt          |     1 |       ||     1
 Cast: Beastly Appendage |     6 |       ||     6
Armor: Robe              |    36 |    32 ||    68
Dodge: Dodged            |    42 |    32 ||    74
